 Dungeon Crawl Stone Soup version 0.31-a0-150-g89dc3ad700 (webtiles) character file.

Game seed: 4588785816361063159

91 qw the Shooter (level 4, 0/38 HPs)
             Began as a Minotaur Hunter on June 8, 2023.
             Was an Initiate of Okawaru.
             Slain by Edmund
             ... wielding a +1 flail of protection
              (5 damage)
             ... on level 3 of the Dungeon.
             The game lasted 00:00:49 (2503 turns).

qw the Shooter (Minotaur Hunter)                    Turns: 2503, Time: 00:00:50

Health: 0/38       AC:  8    Str: 16    XL:     4   Next: 34%
Magic:  3/3        EV: 11    Int:  6    God:    Okawaru [......]
Gold:   303        SH:  0    Dex: 15    Spells: 3/3 levels left

rFire   . . .        Y - +1 shortbow
rCold   . . .        (shield currently unavailable)
rNeg    . . .        m - +0 ring mail
rPois   .            (helmet restricted)
rElec   .            p - +0 cloak
rCorr   .            o - +0 pair of gloves
SInv    .            d - +0 pair of boots
Will    .....        (no amulet)
Stlth   +            (no ring)
HPRegen 0.26/turn    (no ring)
MPRegen 0.08/turn

%: no passive effects
@: no status effects
A: horns 2, retaliatory headbutt
a: Renounce Religion


You were on level 3 of the Dungeon.
You worshipped Okawaru.
Okawaru was noncommittal.
You visited 1 branch of the dungeon, and saw 4 of its levels.

You collected 303 gold pieces.


Innate Abilities, Weirdness & Mutations

You have a pair of horns on your head.
You reflexively headbutt those who attack you in melee.


   Skills:
 - Level 3.3 Fighting
 - Level 6.0 Ranged Weapons
 + Level 1.0 Armour
 - Level 2.1 Dodging
 - Level 0.7 Stealth


You had 3 spell levels left.
You didn't know any spells.
Your spell library was empty.

Inventory:

Hand Weapons
 Y - a +1 shortbow (weapon)
Armour
 d - a +0 pair of boots (worn)
 m - a +0 ring mail (worn)
 o - a +0 pair of gloves (worn)
 p - a +0 cloak (worn)
Scrolls
 j - a scroll of identify
Potions
 a - a potion of haste
 b - a potion of resistance
 e - a potion of ambrosia {unknown}
 f - a potion of curing
 g - a potion of heal wounds {unknown}
 h - a potion of mutation {unknown}
 l - a potion of lignification {unknown}

Dungeon Overview and Level Annotations

Branches:
Dungeon (4/15)
 Temple: D:4-7

Altars:
Fedhas
Okawaru
Trog
Xom

Annotations:
D:3 1 runed translucent door, Crazy Yiuf, Edmund


Message History

You shoot an arrow.
The arrow hits Edmund but does no damage.
Edmund is severely wounded.
Edmund misses you.
You shoot an arrow. The arrow hits Edmund.
Edmund is severely wounded.
Edmund hits you with a +1 flail of protection.
2496 ||| STAIRDANCE Edmund hits you with a +1 flail of protection!
You climb upwards.
Level annotation: 1 runed translucent door, Crazy Yiuf
There is a stone staircase leading down here.
Enter note:
Enter note:
Enter note:
Enter note:
Enter note:
Enter note: You shoot an arrow.
The arrow hits Edmund but does no damage.
Edmund is severely wounded.
Edmund hits you with a +1 flail of protection! x2
You shoot an arrow.
The arrow hits Edmund but does no damage.
Edmund is severely wounded.
Edmund hits you with a +1 flail of protection.
You shoot an arrow. The arrow barely misses Edmund.
Edmund closely misses you. You furiously retaliate!
You headbutt Edmund. You shoot an arrow.
The arrow hits Edmund but does no damage.
Edmund is severely wounded.
Edmund hits you but does no damage.
You shoot an arrow. The arrow closely misses Edmund.
Edmund completely misses you.
You shoot an arrow.
The arrow hits Edmund but does no damage.
Edmund is severely wounded.
Edmund closely misses you.
Edmund hits you with a +1 flail of protection.
You die...

##.### #.# #..# #.# ##..#.#
#.###..#####<# #..P_##
#[........##.# ###.....#
#.......#.##.# ##[.P}._##
#...###.#.##.##### #..#....#
#...# #.#.##.....# #.##..._#
#...###.#.##......
###.###P.#######@......#.#......#
<.....####....##@.###.##.#.....##
...>...# ####.##..###.##.#..####
######.# #<##./..........# # #.#
#.##..###.###.### # #.#
#....#........##### #
#.#########..#######.#.#.###
######...........## #........
#.............#### ##..#####
#.########.......# #.##


You could see Edmund.

Vanquished Creatures
  3 adders (D:2)
  2 dart slugs
  3 orcs
  5 endoplasms
  A giant cockroach (D:3)
  4 hobgoblins
  7 jackals (D:2)
  A quokka (D:1)
  6 ball pythons
  11 bats
  2 frilled lizards (D:2)
  A goblin (D:1)
  5 kobolds
  5 rats
56 creatures vanquished.

Notes
Turn   | Place    | Note
-------+----------+-------------------------------------------
     0 | D:1      | qw the Minotaur Hunter began the quest for the Orb.
     0 | D:1      | Reached XP level 1. HP: 18/18 MP: 0/0
     0 | D:1      | 0 ||| qw: Version: 0.2-a-119-g0488c42
     0 | D:1      | 0 ||| qw: Game counter: 2708
     0 | D:1      | 0 ||| qw: Always use a shield: true
     0 | D:1      | 0 ||| qw: God list: Okawaru
     0 | D:1      | 0 ||| qw: Allow faded altars: false
     0 | D:1      | 0 ||| qw: Do Orc after D:15 true
     0 | D:1      | 0 ||| qw: Do second Lair branch before Depths: true
     0 | D:1      | 0 ||| qw: Lair rune preference: random
     0 | D:1      | 0 ||| qw: Plans: Normal
     0 | D:1      | 0 ||| PLANNING D:1-11
   210 | D:1      | Reached XP level 2. HP: 25/25 MP: 1/1
   317 | D:1      | Reached skill level 5 in Ranged Weapons
   445 | D:1      | 445 ||| FLEEEEING.
   446 | D:1      | 446 ||| FLEEEEING.
   447 | D:1      | 447 ||| FLEEEEING.
   462 | D:1      | Reached skill level 3 in Fighting
   589 | D:1      | 589 ||| UPGRADING to +0 pair of boots.
   594 | D:1      | 594 ||| READING scroll labelled VOPLUE GAMNE.
   595 | D:1      | 595 ||| READING scroll labelled RYVUXZ RIUCEA.
   596 | D:1      | 596 ||| DROPPING scroll of butterflies.
   793 | D:2      | Reached XP level 3. HP: 31/31 MP: 2/2
   962 | D:2      | Found a faded altar of an unknown god.
   980 | D:2      | HP: 7/31 [poisoned by an adder]
  1279 | D:2      | Reached XP level 4. HP: 36/38 MP: 3/3
  1284 | D:2      | Reached skill level 6 in Ranged Weapons
  1599 | D:2      | 1599 ||| READING scroll labelled FIPRITONIKK.
  1600 | D:2      | 1600 ||| READING 3 scrolls labelled HAFACKETSE.
  1601 | D:2      | 1601 ||| READING scroll labelled XIOT QYNOKKA.
  1602 | D:2      | 1602 ||| READING scroll labelled QENKIG MULA.
  1603 | D:2      | 1603 ||| READING 2 scrolls of identify.
  1603 | D:2      | 1603 ||| IDENTIFYING ruby potion
  1741 | D:3      | Reached skill level 1 in Armour
  1901 | D:3      | Found a blossoming altar of Fedhas.
  2179 | D:3      | Found a bloodstained altar of Trog.
  2180 | D:3      | Found a shimmering altar of Xom.
  2182 | D:3      | Found an iron altar of Okawaru.
  2183 | D:3      | 2183 ||| PLANNING OKAWARU WORSHIP
  2183 | D:3      | 2183 ||| UPGRADING to +0 ring mail.
  2193 | D:3      | 2193 ||| DROPPING +0 leather armour.
  2194 | D:3      | 2194 ||| UPGRADING to +0 pair of gloves.
  2199 | D:3      | 2199 ||| UPGRADING to +0 cloak.
  2204 | D:3      | 2204 ||| READING scroll labelled ZOMUGU ZISESE.
  2209 | D:3      | 2209 ||| READING scroll labelled HIBLUS FOCWI.
  2275 | D:3      | 2275 ||| READING scroll labelled NAIQEWOD ZAAD.
  2276 | D:3      | 2276 ||| DRINKING 2 smoky orange potions.
  2277 | D:3      | 2277 ||| READING 2 scrolls of identify.
  2277 | D:3      | 2277 ||| IDENTIFYING fizzy golden potion
  2309 | D:3      | Became a worshipper of Warmaster Okawaru
  2309 | D:3      | 2309 ||| PLANNING D:1-11
  2461 | D:3      | Found a runed translucent door.
  2462 | D:3      | Noticed Crazy Yiuf
  2486 | D:4      | Noticed Edmund
  2496 | D:4      | 2496 ||| STAIRDANCE
  2498 | D:3      | HP: 6/38 [Edmund/+1 flail of protection (11)]
  2503 | D:3      | Slain by Edmund

Levels and vault maps discovered:
D:1:      scummos_arrival_star, layout_rooms, roderic_lattice_a
D:2:      layout_loops_corners, chequers_ecumenical_altar_island
D:3:      layout_loops_ring, gammafunk_temple_overflow_forgotten,
          mainiacjoe_overflow_paths, chequers_serial_rivers_marsh,
          uniq_crazy_yiuf_cottage
D:4:      layout_basic, chequers_serial_rivers_micro_e, uniq_ijyb,
          uniq_eustachio, uniq_natasha, uniq_edmund

Skill      XL: |  1  2  3  4 |
---------------+-------------+-----
Ranged Weapons | 5 6 |  6.0
Fighting       | 3 |  3.3
Armour         | 1 |  1.0
Dodging        | |  2.1
Stealth        | |  0.7

Action                     |  1- 3 |  4- 6 || total
---------------------------+-------+-------++-------
   Fire: Shortbow          |    97 |    65 ||   162
    Use: Scroll            |     2 |     9 ||    11
         Potion            |       |     1 ||     1
 Armour: Leather armour    |    11 |    15 ||    26
         Ring mail         |       |     1 ||     1
  Dodge: Dodged            |    24 |    24 ||    48

Table legend:
 A = Non-vault XP
 B = Vault XP
 C = Vault XP percentage of total XP
 D = Non-vault monster count
 E = Vault monster count
 F = Vault count percentage of total count
                 A         B        C        D         E       F
            +---------+---------+-------+---------+---------+-------
      Total |     131 |       0 |   0.0 |      56 |       0 |   0.0
            +---------+---------+-------+---------+---------+-------
        D:1 |      28 |       0 |   0.0 |      16 |       0 |   0.0
        D:2 |      83 |       0 |   0.0 |      28 |       0 |   0.0
        D:3 |      20 |       0 |   0.0 |      12 |       0 |   0.0
            +---------+---------+-------+---------+---------+-------
